 Dungeon Crawl Stone Soup version 0.30-a0-269-gf0224bf7b6 (webtiles) character file.

Game seed: 10816814033112996003

2 zishaf the Gusty (level 1, -11/10 HPs)
             Began as a Tengu Air Elementalist on Oct 14, 2022.
             Mangled by a gnoll
             ... wielding a +0 halberd
              (15 damage)
             ... on level 2 of the Dungeon.
             The game lasted 00:00:44 (307 turns).

zishaf the Gusty (Tengu Air Elementalist)            Turns: 307, Time: 00:00:45

Health: -11/10     AC:  4    Str:  8    XL:     1   Next: 30%
Magic:  1/4        EV: 12    Int: 15    God:
Gold:   13         SH:  0    Dex: 14    Spells: 3/4 levels left

rFire   . . .      SeeInvis .    (no weapon)
rCold   . . .      Faith    .    (no shield)
rNeg    . . .      Spirit   .    c - +2 robe {Archmagi}
rPois   .          Reflect  .    (helmet restricted)
rElec   .          Harm     .    (no cloak)
rCorr   .          Rampage  .    (no gloves)
Will    .....      Archmagi +    (boots unavailable)
Stlth   ++........               (no amulet)
HPRegen 0.21/turn                (no ring)
MPRegen 0.09/turn                (no ring)

@: no status effects
A: beak, talons 3
a: no special abilities


You were on level 2 of the Dungeon.
You visited 1 branch of the dungeon, and saw 2 of its levels.

You collected 13 gold pieces.

Inventory:

Armour
 a - a +0 robe
 c - a +2 robe of the Archmagi (worn)
Scrolls
 d - a scroll of noise {unknown}
 e - a scroll of brand weapon {unknown}
Potions
 b - a potion of magic
 f - a potion of resistance {unknown}


   Skills:
 + Level 0.1 Fighting
 - Level 2.1 Dodging
 - Level 2.0 Stealth
 + Level 2.0 Spellcasting
 + Level 1.4 Conjurations
 + Level 4.0 Air Magic


You had 3 spell levels left.
You knew the following spells:

 Your Spells              Type           Power      Damage    Failure   Level
a - Shock                 Conj/Air       56%        1d6       7%          1

Your spell library contained the following spells:

 Spells                   Type           Power      Damage    Failure   Level
 Static Discharge         Conj/Air       28%        2-4/arc   11%         2
 Swiftness                Air            20%        N/A       13%         3
 Airstrike                Air            10%        2d(2-18)  38%         4


Dungeon Overview and Level Annotations

Branches:
Dungeon (1/15)

Altars:
Okawaru


Innate Abilities, Weirdness & Mutations

You have a beak for a mouth.
You have claws for feet.


Message History

Confirm with . or Enter, or press ? or * to list all spells.
Aiming: Shock (safe; 7% risk of failure)
Press: ? - help, Shift-Dir - straight line, f/p - gnoll
Aim: a gnoll, wielding a +0 whip (moderately wounded, 75% to hit)
You feel a surge of power!
The zap misses the gnoll.
The zap hits the gnoll.
The gnoll is heavily wounded.
The gnoll barely misses you.
Unknown command.
There is an open door here.
Casting: Shock (safe; 7% risk of failure)
Confirm with . or Enter, or press ? or * to list all spells.
Aiming: Shock (safe; 7% risk of failure)
Press: ? - help, Shift-Dir - straight line, f/p - gnoll
Aim: a gnoll, wielding a +0 whip (heavily wounded, 75% to hit)
You feel a surge of power!
The zap misses the gnoll.
The zap hits the gnoll.
The gnoll is severely wounded.
The gnoll hits you from afar with a +0 halberd.
Casting: Shock (safe; 7% risk of failure)
Confirm with . or Enter, or press ? or * to list all spells.
Aiming: Shock (safe; 7% risk of failure)
Press: ? - help, Shift-Dir - straight line, f/p - gnoll
Aim: a gnoll, wielding a +0 whip (severely wounded, 75% to hit)
You feel a surge of power!
The zap misses the gnoll.
The zap hits the gnoll.
The gnoll is almost dead.
The gnoll closely misses you.
Unknown command.
The gnoll hits you from afar with a +0 halberd!
Ouch! That really hurt!
* * * LOW HITPOINT WARNING * * *
Casting: Shock (safe; 7% risk of failure)
Confirm with . or Enter, or press ? or * to list all spells.
Aiming: Shock (safe; 7% risk of failure)
Press: ? - help, Shift-Dir - straight line, f/p - gnoll
Aim: a gnoll, wielding a +0 whip (almost dead, 75% to hit)
You feel a surge of power!
The zap hits the gnoll.
The gnoll is almost dead.
The zap misses the gnoll.
The gnoll hits you from afar with a +0 halberd!
Ouch! That really hurt!
You die...

#.# ############
#.# ...
##########.# ...
#.....†....# ##.##
#.#######..# ...
#.#######..# #.# #
#.#.....#..# #.
#.#...).#..#
#..#####.......'..#
#...@.gg.......#.##
#.#######......#.#
#........#
#.....#### #.....#
#.....# #.....#
........# ###.....#


You could see 2 gnolls.

Vanquished Creatures
  A hobgoblin (D:2)
  A rat (D:2)
2 creatures vanquished.

Notes
Turn   | Place    | Note
-------+----------+-------------------------------------------
     0 | D:1      | zishaf the Tengu Air Elementalist began the quest for the
                  | Orb.
     0 | D:1      | Reached XP level 1. HP: 10/10 MP: 4/4
     1 | D:1      | Found an iron altar of Okawaru.
    74 | D:1      | Found a faded altar of an unknown god.
   105 | D:1      | You fall into a shaft and drop 1 floor!
   307 | D:2      | Mangled by a gnoll

Illustrated notes

Levels and vault maps discovered:
D:1:      sevenhm_arrival_forest_fort_small_6, layout_loops_corners,
          ebering_ecumenical_altar_rust, serial_shops, shop_fountains,
          nicolae_lakefront_shop, nicolae_shop_bloodbath_and_beyond,
          amcnicky_mini_corridor_feature
D:2:      layout_basic

Action                   || total
-------------------------++-------
 Cast: Shock             ||    11
Dodge: Dodged            ||     4

Table legend: (Time is in decaauts)
 A = Elapsed time spent in this place.
 B = Non-inter-level travel time spent in this place.
 C = Inter-level travel time spent in this place.
 D = Time resting spent in this place.
 E = Time spent auto-exploring this place.
 F = Levels seen in this place.
 G = Mean time per level.
                   A        B        C        D        E       F      G
               +--------+--------+--------+--------+--------+-----+--------+
         Total |    306 |    306 |      0 |      0 |    214 |   2 |  153.0 |
       Dungeon |    306 |    306 |      0 |      0 |    214 |   2 |  153.0 |
               +--------+--------+--------+--------+--------+-----+--------+

Top non-repeatable levels by time:
     D:2: 201 daAuts
     D:1: 105 daAuts
